 Dungeon Crawl Stone Soup version 0.29-a0-1009-g60c99734e7 (webtiles) character file.

Game seed: 16717454860588618838

48 Manisian the Sneak (level 3, -1/16 HPs)
             Began as a Spriggan Enchanter on Aug 8, 2022.
             Slain by Robin
             ... wielding a +0 whip
              (3 damage)
             ... on level 2 of the Dungeon.
             The game lasted 00:06:38 (2254 turns).

Manisian the Sneak (Spriggan Enchanter)             Turns: 2254, Time: 00:06:39

Health: -1/16      AC:  2    Str:  4    XL:     3   Next: 50%
Magic:  1/8        EV: 17    Int: 18    God:
Gold:   159        SH:  0    Dex: 15    Spells: 3/8 levels left

rFire   . . .      SeeInvis +   a - +1 dagger
rCold   . . .      Faith    .   (no shield)
rNeg    . . .      Spirit   .   b - +0 robe
rPois   .          Reflect  .   (helmet restricted)
rElec   .          Harm     .   (no cloak)
rCorr   .          Rampage  .   (gloves unavailable)
Will    .....                   (boots unavailable)
Stlth   +++.......              (no amulet)
HPRegen 0.05/turn               (no ring)
MPRegen 0.11/turn               (no ring)

@: invisible, very quick
A: very small, no large weapons, unfitting armour, see invisible, speed 3
a: no special abilities


You were on level 2 of the Dungeon.
You visited 1 branch of the dungeon, and saw 3 of its levels.

You collected 159 gold pieces.

Inventory:

Hand Weapons
 a - a +1 dagger (weapon)
Armour
 b - a +0 robe (worn)
Potions
 c - a potion of invisibility
 e - a potion of attraction {unknown}
 f - a potion of flight {unknown}
 g - a potion of resistance {unknown}


   Skills:
 + Level 1.3 Short Blades
 + Level 2.7 Dodging
 * Level 6.1 Stealth
 + Level 3.3 Spellcasting
 + Level 3.9 Hexes
 + Level 0.1 Ice Magic


You had 3 spell levels left.
You knew the following spells:

 Your Spells              Type           Power      Damage    Failure   Level
a - Ensorcelled Hibernat  Hex/Ice        20%        N/A       11%         2
b - Confusing Touch       Hex            17%        N/A       10%         3

Your spell library contained the following spells:

 Spells                   Type           Power      Damage    Failure   Level
 Tukima's Dance           Hex            17%        N/A       10%         3
 Dazzling Flash           Conj/Hex       20%        N/A       22%         3
 Summon Mana Viper        Hex/Summ       10%        N/A       89%         5
 Summon Forest            Summ/Tloc      1%         N/A       99%         5
 Summon Cactus Giant      Summ           1%         N/A       100%        6


Dungeon Overview and Level Annotations

Branches:
Dungeon (3/15)

Altars:

Annotations:
D:2 Robin


Innate Abilities, Weirdness & Mutations

You are very small and have problems with some larger weapons.
You are too small for most types of armour.
You have supernaturally acute eyesight. (SInv)
You cover ground extremely quickly. (Speed+++)


Message History

Press: ? - help, Shift-Dir - straight line, f/p - hobgoblin
Aim: a hobgoblin (moderately wounded, chance to affect: 62%)
The hobgoblin resists with significant effort.
Casting: Ensorcelled Hibernation (safe; 11% risk of failure)
Confirm with . or Enter, or press ? or * to list all spells.
You don't have enough magic to cast this spell.
Robin roars a battlecry!
The hobgoblin goes into a battle-frenzy!
There is an open door here.
Casting: Ensorcelled Hibernation (safe; 11% risk of failure)
Confirm with . or Enter, or press ? or * to list all spells.
Aiming: Ensorcelled Hibernation (safe; 11% risk of failure)
Press: ? - help, Shift-Dir - straight line, f/p - hobgoblin
Aim: a hobgoblin (strong, chance to affect: 62%)
The hobgoblin resists with significant effort.
The hobgoblin no longer looks unusually strong.
Robin roars a battlecry!
The hobgoblin goes into a battle-frenzy!
You see here a +0 club.
You fade into invisibility!
The hobgoblin no longer looks unusually strong.
The hobgoblin closely misses you.
You hit the hobgoblin but do no damage. You hit the hobgoblin.
The hobgoblin is severely wounded.
The hobgoblin hits you.
* * * LOW HITPOINT WARNING * * *
You hit the hobgoblin but do no damage.
The hobgoblin is severely wounded.
The hobgoblin completely misses you.
You hit the hobgoblin but do no damage.
The hobgoblin is severely wounded.
The hobgoblin hits you but does no damage.
You strike the helpless hobgoblin from behind!
You puncture the hobgoblin!
You kill the hobgoblin!
You hit Robin.
Robin is lightly wounded.
Robin hits you with a +0 whip.
You die...

#.# #g...#.# #.# #.#
##).....# #.# #.#
######.......######.# #.#
#...................# ##.##
##.####.......########
#...####...# ##......#
#..........# #g.....#
#...####...# #g###### #####
##### #@# #.# ###########
#.# #.........# #.#
#.#######.# #.#########
#.#.......###.#.......#
#.#.####....<.........#
#.#.#.....###.#.##....#
#(#.#.##..##....###.#.#####


You could see Robin (unable to see you) and a hobgoblin (strong, unable to see
you).

Vanquished Creatures
  An adder (D:2)
  A dart slug (D:2)
  4 bats
  5 endoplasms
  A giant cockroach (D:2)
  A hobgoblin (D:2)
  3 quokkas
  3 ball pythons
  A frilled lizard (D:2)
  10 goblins
  2 kobolds (D:2)
  2 rats (D:2)
34 creatures vanquished.

Notes
Turn   | Place    | Note
-------+----------+-------------------------------------------
     0 | D:1      | Manisian the Spriggan Enchanter began the quest for the
                  | Orb.
     0 | D:1      | Reached XP level 1. HP: 9/9 MP: 5/5
   378 | D:1      | Reached skill level 5 in Stealth
   614 | D:1      | Reached XP level 2. HP: 11/13 MP: 6/6
   666 | D:1      | Learned a level 2 spell: Ensorcelled Hibernation
  1577 | D:2      | Reached XP level 3. HP: 16/16 MP: 3/8
  1581 | D:2      | Learned a level 3 spell: Confusing Touch
  1771 | D:2      | Reached skill level 6 in Stealth
  2084 | D:3      | Noticed Robin
  2254 | D:2      | Slain by Robin

Illustrated notes

Levels and vault maps discovered:
D:1:      minmay_arrival_four_houses, layout_basic, nicolae_figureground_pulse
D:2:      layout_loops_corners
D:3:      layout_loops_cross, chequers_ecumenical_altar_twisty,
          minmay_randomly_rotated_circles, uniq_robin

Skill      XL: |  1  2  3 |
---------------+----------+-----
Stealth        | 5 6 |  6.1
Spellcasting   | 3 |  3.3
Short Blades   | |  1.3
Dodging        | |  2.7
Hexes          | |  3.9
Ice Magic      | |  0.1

Action                   || total
-------------------------++-------
Melee: Dagger            ||    63
 Cast: Ensorcelled Hiber ||    32
  Use: Scroll            ||     4
       Potion            ||     2
 Stab: Sleeping          ||    26
       Invisible         ||     1
Armor: Robe              ||     8
Dodge: Dodged            ||    33

Table legend: (Time is in decaauts)
 A = Elapsed time spent in this place.
 B = Non-inter-level travel time spent in this place.
 C = Inter-level travel time spent in this place.
 D = Time resting spent in this place.
 E = Time spent auto-exploring this place.
 F = Levels seen in this place.
 G = Mean time per level.
                   A        B        C        D        E       F      G
               +--------+--------+--------+--------+--------+-----+--------+
         Total |   1743 |   1724 |     19 |    357 |    910 |   3 |  581.0 |
       Dungeon |   1743 |   1724 |     19 |    357 |    910 |   3 |  581.0 |
               +--------+--------+--------+--------+--------+-----+--------+

Top non-repeatable levels by time:
     D:2: 1127 daAuts
     D:1: 592 daAuts
     D:3: 24 daAuts
